 Dungeon Crawl Stone Soup version 0.31-a0-1469-gd420192249 (webtiles) character file.

Game seed: 8376435295590397733

1811 Dordric the Grappler (level 8, -3/74 HPs)
             Began as a Troll Berserker on Dec 28, 2023.
             Was an Elder of Trog.
             Slain by Prince Ribbit (15 damage)
             ... on level 6 of the Dungeon.
             The game lasted 00:05:29 (4437 turns).

Dordric the Grappler (Troll Berserker)              Turns: 4437, Time: 00:05:30

Health: -3/74      AC:  6    Str: 37    XL:     8   Next: 84%
Magic:  7/7        EV: 10    Int:  5    God:    Trog [****..]
Gold:   253        SH:  5    Dex:  9    Spells: 7/7 levels left

rFire   . .          .
                       - Unarmed
rCold   . . .        (no shield)
rNeg    . . .        f - +1 robe "Befihoce" {Str+3 Int+2}
rPois   .            (helmet restricted)
rElec   .            k - +0 cloak
rCorr   .            (gloves unavailable)
SInv    .            (boots unavailable)
Will    ++...        s - amulet of reflection
Stlth   +            p - +6 ring of strength
HPRegen 2.12/turn    t - ring of flight
MPRegen 0.10/turn

%: reflection
@: strong-willed, flying, regenerating
A: large, unfitting armour, claws 3, regeneration 1, shaggy fur 1, tough skin 1
a: Renounce Religion, Berserk, Trog's Hand, Brothers in Arms


You were on level 6 of the Dungeon.
You worshipped Trog.
Trog was greatly pleased with you.
You visited 1 branch of the dungeon, and saw 6 of its levels.
You also visited: Sewer.

You collected 253 gold pieces.

Inventory:

Armour
 a - a +0 animal skin
 f - the +1 robe "Befihoce" (worn) {Str+3 Int+2}
   (You acquired it on level 1 of the Dungeon)

   Str+3:     It affects your strength (+3).
   Int+2:     It affects your intelligence (+2).
 k - a +0 cloak (worn)
Jewellery
 m - a ring of fire
 p - a +6 ring of strength (left claw)
 s - an amulet of reflection (around neck)
 t - a ring of flight (right claw)
Scrolls
 h - a scroll of fear
 i - a scroll of enchant weapon
 j - a scroll of identify
 n - a scroll of noise
 o - 3 scrolls of teleportation
 r - 2 scrolls of blinking
 v - a scroll of immolation
 w - a scroll of revelation
Potions
 b - 5 potions of magic {unknown}
 c - 5 potions of heal wounds {unknown}
 d - a potion of ambrosia {unknown}
 e - a potion of cancellation {unknown}
 g - a potion of haste {unknown}
 l - 2 potions of brilliance {unknown}
 q - 3 potions of lignification {unknown}
 x - 2 potions of invisibility {unknown}
 z - 2 potions of resistance {unknown}


   Skills:
 - Level 2.4 Fighting
 - Level 2.4 Dodging
 + Level 11.8 Unarmed Combat


You had 7 spell levels left.
You didn't know any spells.
Your spell library was empty.

Dungeon Overview and Level Annotations

Branches:
Dungeon (6/15)             Temple (0/1) D:5           Sewer (visited)

Altars:
Gozag
Wu Jian
Xom
Zin
The Shining One

Shops:
D:3 (

Annotations:
D:6 Menkaure, Prince Ribbit


Innate Abilities, Weirdness & Mutations

You are too large for most types of armour.
You have claws for hands.
Your natural rate of healing is unusually fast.
You are covered in fur. (AC +1)
You have tough skin. (AC +1)


Message History

Menkaure gestures wildly while chanting.
Menkaure seems to speed up.
Found a stone staircase leading up.
Prince Ribbit lets out a mournful croak.
You mangle Prince Ribbit!!
Prince Ribbit is heavily wounded.
Prince Ribbit hits you!
You miss Prince Ribbit.
Prince Ribbit is heavily wounded.
Prince Ribbit completely misses you. Menkaure barely misses you.
Prince Ribbit hits you.
You miss Prince Ribbit.
Prince Ribbit is heavily wounded.
You block Menkaure's attack. Prince Ribbit hits you!
You scratch Prince Ribbit. Your claw misses Prince Ribbit.
Prince Ribbit is heavily wounded.
Menkaure hits you! Prince Ribbit hits you!
* * * LOW HITPOINT WARNING * * *
You are too injured to fight recklessly!
You are too injured to fight recklessly!
You are too injured to fight recklessly!
You are too injured to fight recklessly!
You are too injured to fight recklessly!
You are too injured to fight recklessly!
You are too injured to fight recklessly!
You are too injured to fight recklessly!
You are too injured to fight recklessly!
You are too injured to fight recklessly!
You are too injured to fight recklessly!
You are too injured to fight recklessly!
Unknown command.
You are too injured to fight recklessly!
Your skin crawls.
You feel strong-willed. Menkaure barely misses you. Prince Ribbit hits you!
* * * LOW HITPOINT WARNING * * *
Menkaure closely misses you.
You fail to use your ability.
Prince Ribbit closely misses you. You block Menkaure's attack.
Prince Ribbit hits you!
You die...

.. #. ### #. #. ..... #.
#.#. # #. ... ##.##.
#†### ....< #...#
#.F########## ###)#
#.M@...#....######)#
#..#.............#.#
.....#.###...P.......)
##......# #...........#
.##...##.###).P.......##
......#..............#
.##....###.##.......P.#
#....###.##.P....P).#
#.##........##..PP.P...#


You could see Prince Ribbit and Menkaure (fast).

Vanquished Creatures
  Duvessa (D:4)
  2 water moccasins
  An ice beast (D:6)
  A crocodile (Sewer)
  An ogre (D:6)
  2 centaurs (D:5)
  A kobold brigand (Sewer)
  A brain worm (Sewer)
  A bullfrog (D:6)
  A gnoll sergeant (D:6)
  2 scorpions (D:6)
  Dowan (D:4)
  4 bombardier beetles
  A jelly (D:6)
  An orc priest (D:5)
  A gnoll bouda (D:6)
  2 hounds (D:5)
  A sleepcap (D:5)
  2 iguanas
  An orc wizard (D:3)
  3 gnolls (D:6)
  4 river rats (Sewer)
  8 adders
  A shadow imp (D:5)
  A white imp (D:5)
  2 ufetubi (D:5)
  4 worms
  A dart slug (D:1)
  7 orcs
  7 bats
  6 endoplasms
  2 giant cockroaches (D:4)
  8 goblins
  5 hobgoblins
  4 jackals (Sewer)
  4 quokkas (D:1)
  12 ball pythons
  9 kobolds
  11 rats
127 creatures vanquished.

Notes
Turn   | Place    | Note
-------+----------+-------------------------------------------
     0 | D:1      | Dordric the Troll Berserker began the quest for the Orb.
     0 | D:1      | Reached XP level 1. HP: 22/22 MP: 0/0
   102 | D:1      | Reached XP level 2. HP: 29/29 MP: 1/1
   145 | D:1      | Found a faded altar of an unknown god.
   337 | D:1      | Reached skill level 4 in Unarmed Combat
   485 | D:1      | Identified a scroll of acquirement
   485 | D:1      | Acquired the +1 robe "Befihoce" {Str+3 Int+2}
   675 | D:2      | Reached XP level 3. HP: 36/36 MP: 2/2
   678 | D:2      | Reached ** piety under Trog
   710 | D:2      | Found a shimmering altar of Xom.
  1341 | D:3      | Found Cecusmem's Weapon Boutique.
  1429 | D:3      | Reached skill level 5 in Unarmed Combat
  1429 | D:3      | Reached XP level 4. HP: 44/44 MP: 3/3
  1448 | D:3      | Noticed a water moccasin
  1454 | D:3      | Killed a water moccasin
  1455 | D:3      | Reached skill level 6 in Unarmed Combat
  1455 | D:3      | Reached XP level 5. HP: 33/50 MP: 4/4
  1590 | D:3      | Found an ornate altar of the Wu Jian Council.
  2000 | D:4      | Found a glowing golden altar of the Shining One.
  2050 | D:4      | Reached XP level 6. HP: 53/59 MP: 5/5
  2114 | D:4      | Found an opulent altar of Gozag.
  2212 | D:4      | Noticed Duvessa
  2213 | D:4      | Noticed Dowan
  2219 | D:4      | Killed Duvessa
  2220 | D:4      | Reached skill level 7 in Unarmed Combat
  2228 | D:4      | Killed Dowan
  2228 | D:4      | Reached *** piety under Trog
  2893 | D:5      | Entered Level 5 of the Dungeon
  2957 | D:5      | Reached skill level 8 in Unarmed Combat
  2957 | D:5      | Reached XP level 7. HP: 66/66 MP: 6/6
  3006 | D:5      | Found a staircase to the Ecumenical Temple.
  3102 | D:5      | Reached skill level 9 in Unarmed Combat
  3256 | D:5      | Found a glowing drain.
  3268 | Sewer    | Entered a sewer
  3377 | Sewer    | Reached **** piety under Trog
  3378 | Sewer    | Reached XP level 8. HP: 69/69 MP: 7/7
  3399 | Sewer    | Reached skill level 10 in Unarmed Combat
  4312 | D:6      | Reached skill level 11 in Unarmed Combat
  4361 | D:6      | Found a glowing silver altar of Zin.
  4428 | D:6      | Noticed Menkaure
  4430 | D:6      | Noticed Prince Ribbit
  4437 | D:6      | Slain by Prince Ribbit

Illustrated notes

Levels and vault maps discovered:
D:1:      minmay_arrival_stair_chambers, layout_basic, basic_ecumenical_altar
D:2:      layout_basic, basic_altar
D:3:      layout_loops_ring, amcnicky_altar_gilded, serial_shops,
          nicolae_shop_tiny_statue_garden, grunt_ministairs_1,
          kennysheep_big_empty_room
D:4:      layout_cave_pods, mainiacjoe_overflow_paths,
          nicolae_tso_carved_into_rock, serial_forest,
          infiniplex_forest_zigzag_1, infiniplex_forest_zigzag_1,
          infiniplex_forest_lined_1, infiniplex_forest_straight_3,
          infiniplex_forest_end_2, infiniplex_forest_zigzag_1,
          infiniplex_forest_clump_small, infiniplex_forest_straight_1,
          infiniplex_forest_corner_2, hangedman_decor_lopped, uniq_duvessa
D:5:      layout_basic, minmay_temple_entry_junction_2,
          cheibrodos_sewer_entry_drain, nicolae_titane
D:6:      layout_loops_ring, nicolae_overflow_crystal_walls,
          lightli_temple_of_fire, nicolae_grassy_gnolls, uniq_menkaure,
          uniq_maggie, uniq_prince_ribbit1

Skill      XL: |  1  2  3  4  5  6  7  8 |
---------------+-------------------------+-----
Unarmed Combat | 4 5 6 8 9 11 | 11.8
Fighting       | |  2.4
Dodging        | |  2.4

Action                     |  1- 3 |  4- 6 |  7- 9 || total
---------------------------+-------+-------+-------++-------
  Melee: Unarmed           |    96 |   129 |   149 ||   374
         Punch             |       |     4 |     4 ||     8
 Invoke: Berserk           |       |       |     1 ||     1
         Trog's Hand       |       |       |     1 ||     1
    Use: Scroll            |     2 |       |     7 ||     9
   Stab: Sleeping          |     2 |       |       ||     2
 Armour: Animal skin       |    36 |       |       ||    36
         Robe              |    21 |    51 |    58 ||   130
  Dodge: Dodged            |    51 |    33 |    49 ||   133
  Block: Other             |       |    11 |    15 ||    26
         Reflection        |       |       |     1 ||     1

Table legend: (Time is in decaauts)
 A = Elapsed time spent in this place.
 B = Non-inter-level travel time spent in this place.
 C = Inter-level travel time spent in this place.
 D = Time resting spent in this place.
 E = Time spent auto-exploring this place.
 F = Levels seen in this place.
 G = Mean time per level.
                   A        B        C        D        E       F      G
               +--------+--------+--------+--------+--------+-----+--------+
         Total |   4393 |   4310 |     83 |    204 |   3198 |   7 |  627.6 |
       Dungeon |   3773 |   3690 |     83 |    200 |   2806 |   6 |  628.8 |
         Sewer |    619 |    619 |      0 |      4 |    392 |   1 |  619.0 |
               +--------+--------+--------+--------+--------+-----+--------+

Top non-repeatable levels by time:
     D:4: 970 daAuts
     D:2: 748 daAuts
     D:5: 731 daAuts
     D:3: 639 daAuts
   Sewer: 619 daAuts
     D:1: 511 daAuts
     D:6: 173 daAuts
